General information
- name: BNet
- type: Ladder team game (AT/RT)
- host: Battle.net
- saver: HerpdeleDerp
map: DragonFalls
- players: 8
- length: 24:29
- speed: Fast
- version: 1.26 W3XP
- replay type: Public
» download(171 KB)
Players
team 1 (loser)
rush_bane (
green | 107 APM | 2626 actions | 24:27)
5 Demon Hunter
1 Immolation
3 Evasion
1 Mana Burn
4 Firelord
2 Summon Lava Spawn
2 Soul Burn
» actions
| Assign group hotkey | 22 | |
| Build / train | 99 | |
| ESC pressed | 12 | |
| Enter build submenu | 25 | |
| Enter hero's abilities submenu | 9 | |
| Give item / drop item | 3 | |
| Right click | 930 | |
| Select / deselect | 338 | |
| Select group hotkey | 1083 | |
| Use ability | 105 | |
2626 total
» units
| Wisp | 26 | |
| Huntress | 6 | |
| Dryad | 23 | |
| Crypt Fiend | 3 | |
| Frost Wyrm | 1 | |
| Glaive Thrower | 2 | |
| Mountain Giant | 5 | |
66 total
» upgrades
| Strength of the Wild | 3 | |
| Abolish Magic | 1 | |
| Reinforced Hides | 3 | |
| Ultravision | 1 | |
| Nature's Blessing | 1 | |
| Hardened Skin | 1 | |
| Well Spring | 1 | |
| Strength of the Moon | 1 | |
12 total
» buildings
| Moon Well | 6 | |
| Altar of Elders | 1 | |
| Hunter's Hall | 1 | |
| Ancient of War | 1 | |
| Ancient of Wonders | 1 | |
| Tree of Ages | 1 | |
| Tree of Life | 1 | |
| Ancient of Lore | 2 | |
| Tree of Eternity | 1 | |
| Ancient Protector | 6 | |
| Necropolis | 1 | |
| Ziggurat | 2 | |
| Altar of Darkness | 1 | |
25 total
» build order
00:12 Moon Well
00:18 Altar of Elders
01:15 Hunter's Hall
01:32 Moon Well
02:06 Ancient of War
02:17 Moon Well
02:48 Ancient of Wonders
03:27 Tree of Ages
05:35 Tree of Life
05:55 Ancient of Lore
06:25 Ancient of Lore
07:05 Moon Well
10:57 Tree of Eternity
11:18 Ancient Protector
11:38 Ancient Protector
11:53 Moon Well
13:46 Ancient Protector
13:49 Ancient Protector
16:23 Ancient Protector
20:24 Moon Well
21:01 Ancient Protector
22:19 Necropolis
22:22 Ziggurat
22:24 Ziggurat
22:30 Altar of Darkness
» items
| Scroll of Healing | 2 | |
| Periapt of Vitality | 1 | |
| Scroll of Town Portal | 2 | |
| Orb of Venom | 1 | |
| Potion of Healing | 2 | |
8 total

»
agentknox666 (
orange | 76 APM | 1821 actions | 23:55)
4 Priestess of the Moon
2 Searing Arrows
2 Trueshot Aura
3 Warden
1 Fan of Knives
2 Shadow Strike
» actions
| Build / train | 305 | |
| Enter build submenu | 22 | |
| Enter hero's abilities submenu | 7 | |
| Remove unit from queue | 10 | |
| Right click | 980 | |
| Select / deselect | 429 | |
| Use ability | 67 | |
1821 total
» units
| Wisp | 44 | |
| Archer | 76 | |
| Huntress | 43 | |
| Druid of the Talon | 21 | |
| Hippogryph | 7 | |
| Chimaera | 9 | |
200 total
» upgrades
| Strength of the Moon | 2 | |
| Moon Armor | 1 | |
| Improved Bows | 1 | |
| Druid of the Talon Training | 2 | |
| Strength of the Wild | 1 | |
| Upgrade Moon Glaive | 1 | |
| Marksmanship | 1 | |
| Well Spring | 1 | |
| Mark of the Talon | 1 | |
| Corrosive Breath | 1 | |
| Hippogryph Taming | 1 | |
| Ultravision | 1 | |
14 total
» buildings
| Altar of Elders | 1 | |
| Moon Well | 5 | |
| Ancient of War | 2 | |
| Ancient of Wonders | 1 | |
| Hunter's Hall | 1 | |
| Ancient Protector | 2 | |
| Tree of Ages | 4 | |
| Tree of Eternity | 4 | |
| Ancient of Wind | 2 | |
| Chimaera Roost | 1 | |
| Tree of Life | 1 | |
24 total
» build order
00:12 Altar of Elders
00:17 Moon Well
00:37 Ancient of War
01:28 Moon Well
02:27 Ancient of Wonders
03:39 Hunter's Hall
03:54 Moon Well
04:13 Moon Well
04:43 Ancient of War
05:09 Moon Well
05:52 Ancient Protector
06:05 Ancient Protector
09:25 Tree of Ages
09:25 Tree of Ages
09:25 Tree of Ages
11:51 Tree of Eternity
11:52 Tree of Eternity
11:52 Tree of Eternity
11:59 Ancient of Wind
15:22 Ancient of Wind
15:25 Chimaera Roost
22:36 Tree of Life

»
Wopsauce (
purple | 41 APM | 764 actions | 18:34)
4 Shadow Hunter
2 Healing Wave
2 Hex
» actions
| Assign group hotkey | 22 | |
| Basic commands | 3 | |
| Build / train | 65 | |
| ESC pressed | 4 | |
| Enter build submenu | 17 | |
| Enter hero's abilities submenu | 4 | |
| Right click | 306 | |
| Select / deselect | 191 | |
| Select group hotkey | 74 | |
| Use ability | 78 | |
764 total
» units
» upgrades
| Pillage | 2 | |
| Berserker Strength | 1 | |
| Melee Weapons | 2 | |
| Armor | 2 | |
| Shaman Training | 2 | |
| Spiked Barricades | 1 | |
10 total
» buildings
| Orc Burrow | 16 | |
| Barracks | 2 | |
| Altar of Storms | 1 | |
| Voodoo Lounge | 1 | |
| Great Hall | 1 | |
| Stronghold | 1 | |
| War Mill | 1 | |
| Watch Tower | 10 | |
| Spirit Lodge | 1 | |
| Fortress | 1 | |
35 total
» build order
00:07 Orc Burrow
00:22 Barracks
00:45 Altar of Storms
01:50 Orc Burrow
02:20 Orc Burrow
02:33 Voodoo Lounge
03:53 Great Hall
04:28 Stronghold
04:31 Orc Burrow
05:33 War Mill
05:42 Barracks
07:09 Watch Tower
07:10 Watch Tower
07:11 Watch Tower
07:12 Watch Tower
07:45 Spirit Lodge
09:33 Watch Tower
09:34 Watch Tower
09:35 Watch Tower
09:37 Watch Tower
10:50 Watch Tower
10:52 Watch Tower
11:50 Fortress
15:49 Orc Burrow
15:50 Orc Burrow
15:50 Orc Burrow
15:51 Orc Burrow
17:25 Orc Burrow
17:25 Orc Burrow
17:26 Orc Burrow
17:27 Orc Burrow
17:28 Orc Burrow
17:28 Orc Burrow
17:30 Orc Burrow
17:30 Orc Burrow
» items
| Scroll of Speed | 2 | |
| Lesser Clarity Potion | 1 | |
| Healing Salve | 1 | |
| Periapt of Vitality | 1 | |
5 total
ACSnakes (
red | 34 APM | 655 actions | 19:16)
2 Death Knight
1 Death Coil
1 Unholy Aura
2 Lich
1 Frost Nova
1 Frost Armor
» actions
| Build / train | 58 | |
| Enter build submenu | 17 | |
| Enter hero's abilities submenu | 4 | |
| Give item / drop item | 3 | |
| Right click | 360 | |
| Select / deselect | 178 | |
| Use ability | 35 | |
655 total
» units
| Acolyte | 17 | |
| Ghoul | 7 | |
| Crypt Fiend | 6 | |
| Frost Wyrm | 4 | |
34 total
» upgrades
| Creature Attack | 2 | |
| Creature Carapace | 2 | |
| Web | 1 | |
| Freezing Breath | 1 | |
6 total
» buildings
| Ziggurat | 10 | |
| Crypt | 1 | |
| Altar of Darkness | 1 | |
| Tomb of Relics | 1 | |
| Nerubian Tower | 1 | |
| Graveyard | 2 | |
| Halls of the Dead | 1 | |
| Spirit Tower | 5 | |
| Black Citadel | 1 | |
| Sacrificial Pit | 1 | |
| Boneyard | 2 | |
26 total
» build order
00:32 Ziggurat
00:47 Crypt
00:54 Altar of Darkness
01:14 Tomb of Relics
01:21 Ziggurat
02:13 Nerubian Tower
02:27 Graveyard
02:33 Graveyard
02:44 Ziggurat
05:38 Halls of the Dead
05:49 Ziggurat
06:30 Ziggurat
06:36 Ziggurat
06:38 Ziggurat
07:31 Spirit Tower
08:08 Black Citadel
08:38 Sacrificial Pit
09:36 Ziggurat
09:37 Ziggurat
11:20 Boneyard
11:21 Boneyard
11:43 Spirit Tower
13:31 Spirit Tower
13:56 Ziggurat
15:16 Spirit Tower
18:18 Spirit Tower
» items
| Rod of Necromancy | 1 | |
| Scroll of Town Portal | 2 | |
| Orb of Corruption | 1 | |
4 total
team 2 (winner)

»
LostAgain (
yellow | 45 APM | 1110 actions | 24:27)
8 Priestess of the Moon
3 Trueshot Aura
3 Searing Arrows
1 Starfall
1 Scout
1 Archmage
1 Blizzard
4 Keeper of the Grove
2 Entangling Roots
2 Thorns Aura
» actions
| Assign group hotkey | 14 | |
| Basic commands | 15 | |
| Build / train | 89 | |
| Enter build submenu | 20 | |
| Enter hero's abilities submenu | 13 | |
| Give item / drop item | 1 | |
| Remove unit from queue | 1 | |
| Right click | 524 | |
| Select / deselect | 257 | |
| Select group hotkey | 131 | |
| Use ability | 44 | |
1110 total
» units
| Wisp | 12 | |
| Archer | 3 | |
| Huntress | 5 | |
| Dryad | 15 | |
| Hippogryph | 10 | |
| Siege Engine | 9 | |
| Peasant | 6 | |
60 total
» upgrades
| Ultravision | 1 | |
| Strength of the Wild | 3 | |
| Reinforced Hides | 3 | |
| Abolish Magic | 1 | |
| Well Spring | 1 | |
| Barrage | 1 | |
10 total
» buildings
| Altar of Elders | 1 | |
| Moon Well | 6 | |
| Ancient of War | 1 | |
| Hunter's Hall | 1 | |
| Ancient of Wonders | 1 | |
| Tree of Ages | 1 | |
| Ancient of Lore | 1 | |
| Ancient of Wind | 1 | |
| Tree of Eternity | 1 | |
| Castle | 1 | |
| Lumber Mill | 1 | |
| Blacksmith | 1 | |
| Farm | 3 | |
| Workshop | 5 | |
25 total
» build order
00:13 Altar of Elders
00:20 Moon Well
00:40 Ancient of War
01:57 Moon Well
02:42 Hunter's Hall
02:55 Ancient of Wonders
03:12 Moon Well
05:22 Tree of Ages
06:35 Moon Well
08:28 Ancient of Lore
08:32 Ancient of Wind
08:44 Moon Well
08:59 Tree of Eternity
09:25 Castle
09:44 Lumber Mill
09:47 Blacksmith
09:49 Farm
09:50 Farm
09:51 Farm
10:57 Moon Well
12:02 Workshop
12:03 Workshop
12:04 Workshop
12:13 Workshop
13:37 Workshop
HerpdeleDerp (
blue | 58 APM | 1414 actions | 24:29)
9 Blood Mage
3 Flame Strike
3 Siphon Mana
1 Summon Phoenix
2 Banish
» actions
| Assign group hotkey | 28 | |
| Basic commands | 54 | |
| Build / train | 97 | |
| Enter build submenu | 43 | |
| Enter hero's abilities submenu | 9 | |
| Give item / drop item | 5 | |
| Remove unit from queue | 1 | |
| Right click | 595 | |
| Select / deselect | 298 | |
| Select group hotkey | 169 | |
| Use ability | 115 | |
1414 total
» units
| Peasant | 19 | |
| Footman | 5 | |
| Goblin Shredder | 1 | |
| Gryphon Rider | 6 | |
31 total
» upgrades
| Masonry | 2 | |
| Lumber Harvesting | 2 | |
| Swords | 3 | |
| Armor | 3 | |
| Animal War Training | 1 | |
| Storm Hammers | 1 | |
12 total
» buildings
| Altar of Kings | 1 | |
| Barracks | 1 | |
| Farm | 7 | |
| Scout Tower | 21 | |
| Arcane Tower | 1 | |
| Arcane Vault | 1 | |
| Keep | 1 | |
| Lumber Mill | 1 | |
| Town Hall | 4 | |
| Castle | 1 | |
| Guard Tower | 6 | |
| Gryphon Aviary | 5 | |
| Blacksmith | 2 | |
52 total
» build order
00:39 Altar of Kings
00:40 Barracks
00:51 Farm
01:03 Farm
01:07 Farm
01:37 Farm
02:06 Scout Tower
02:34 Arcane Tower
03:14 Arcane Vault
03:45 Keep
03:52 Lumber Mill
05:09 Town Hall
05:21 Town Hall
05:25 Town Hall
06:01 Scout Tower
06:02 Scout Tower
06:04 Scout Tower
06:07 Scout Tower
07:13 Castle
07:16 Guard Tower
07:27 Scout Tower
07:28 Scout Tower
07:29 Scout Tower
07:30 Scout Tower
07:37 Scout Tower
07:39 Scout Tower
08:10 Guard Tower
08:36 Farm
09:18 Guard Tower
11:06 Gryphon Aviary
11:07 Gryphon Aviary
11:09 Gryphon Aviary
11:12 Gryphon Aviary
11:44 Scout Tower
11:44 Scout Tower
11:48 Blacksmith
11:56 Blacksmith
12:14 Gryphon Aviary
12:16 Guard Tower
17:36 Scout Tower
17:37 Scout Tower
19:04 Guard Tower
19:59 Town Hall
21:07 Farm
21:09 Farm
21:51 Scout Tower
21:52 Scout Tower
21:53 Scout Tower
21:53 Scout Tower
21:54 Scout Tower
22:00 Scout Tower
22:41 Guard Tower
» items
| Scroll of Regeneration | 8 | |
| Lesser Clarity Potion | 3 | |
| Potion of Mana | 2 | |
| Potion of Healing | 4 | |
| Boots of Speed | 1 | |
| Staff of Teleportation | 1 | |
| Potion of Invisibility | 4 | |
| Potion of Lesser Invulnerability | 4 | |
| Scroll of Town Portal | 5 | |
| Staff of Sanctuary | 1 | |
| Periapt of Vitality | 1 | |
34 total
yesmelord (
teal | 85 APM | 2085 actions | 24:27)
9 Goblin Alchemist
3 Chemical Rage
3 Healing Spray
1 Transmute
2 Acid Bomb
» actions
| Basic commands | 30 | |
| Build / train | 71 | |
| ESC pressed | 3 | |
| Enter build submenu | 23 | |
| Enter hero's abilities submenu | 9 | |
| Remove unit from queue | 1 | |
| Right click | 1449 | |
| Select / deselect | 413 | |
| Use ability | 86 | |
2085 total
» units
| Peasant | 13 | |
| Footman | 8 | |
| Furbolg Shaman | 1 | |
| Rifleman | 6 | |
| Knight | 14 | |
42 total
» upgrades
| Defend | 1 | |
| Gunpowder | 1 | |
| Armor | 1 | |
| Long Rifles | 1 | |
| Swords | 2 | |
| Plating | 2 | |
| Lumber Harvesting | 1 | |
9 total
» buildings
| Barracks | 3 | |
| Altar of Kings | 1 | |
| Farm | 10 | |
| Arcane Vault | 1 | |
| Keep | 1 | |
| Blacksmith | 1 | |
| Town Hall | 2 | |
| Castle | 1 | |
| Lumber Mill | 1 | |
| Arcane Sanctum | 1 | |
22 total
» build order
00:31 Barracks
00:44 Altar of Kings
01:08 Farm
02:05 Farm
02:16 Farm
02:53 Farm
03:35 Arcane Vault
04:12 Keep
04:14 Farm
05:21 Barracks
05:28 Farm
05:31 Blacksmith
06:05 Town Hall
09:25 Castle
10:54 Farm
11:10 Farm
11:50 Lumber Mill
14:00 Barracks
14:44 Arcane Sanctum
14:53 Farm
17:39 Farm
17:45 Town Hall
» items
| Scroll of Regeneration | 2 | |
| Scroll of Town Portal | 2 | |
| Potion of Healing | 2 | |
6 total
IAmDeathItself (
pink | 33 APM | 144 actions | 04:19)
1 Archmage
1 Summon Water Elemental
» actions
| Assign group hotkey | 6 | |
| Build / train | 25 | |
| Enter build submenu | 5 | |
| Enter hero's abilities submenu | 1 | |
| Right click | 44 | |
| Select / deselect | 39 | |
| Select group hotkey | 17 | |
| Use ability | 7 | |
144 total
» units
» buildings
| Altar of Kings | 1 | |
| Farm | 3 | |
| Arcane Vault | 1 | |
| Keep | 1 | |
6 total
» build order
00:14 Altar of Kings
00:16 Farm
00:52 Arcane Vault
01:18 Farm
01:38 Farm
04:08 Keep
» items
| Scroll of Regeneration | 1 | |
| Lesser Clarity Potion | 1 | |
2 total
Chat log
(04:19 / Allies) LostAgain: who has?
(04:20 / All) HerpdeleDerp: CAn't get a decent game
(04:29 / Allies) LostAgain: rush?
(04:58 / Allies) HerpdeleDerp: someone taking pink?
(04:59 / Allies) HerpdeleDerp: I'm not
(05:09 / Allies) LostAgain: lets rush
(05:38 / Allies) HerpdeleDerp: he's fucking 33% lawl
(05:41 / Allies) HerpdeleDerp: he rushed to get that expo
(05:44 / Allies) HerpdeleDerp: with like 12 peons
(05:50 / Allies) HerpdeleDerp: instead of just getting some footies
(06:59 / All) Wopsauce: move
(07:43 / Allies) HerpdeleDerp: someoen take pink I'm not
(11:36 / Allies) LostAgain: meet and hit?
(11:59 / Allies) HerpdeleDerp: w
(12:01 / All) HerpdeleDerp: who mh!!!
(13:38 / All) Wopsauce: TOWER UP
(14:09 / All) HerpdeleDerp: green is a mher
(14:12 / All) rush_bane: lol
(14:18 / All) Wopsauce: stfu noob
(14:32 / All) HerpdeleDerp: it's obvious
(14:40 / All) rush_bane: ya sure it is
(15:38 / Allies) LostAgain: then hit
(15:51 / Allies) LostAgain: make sure to have tp also
(16:00 / All) Wopsauce: LOLOLOL PINK
(16:05 / All) HerpdeleDerp: he left retard
(16:40 / All) Wopsauce: AA
(16:59 / All) Wopsauce: FUCKING GO
(17:05 / Allies) LostAgain: lets hit
(17:16 / Allies) LostAgain: take tanks
(17:20 / Allies) HerpdeleDerp: hit topp
(17:35 / Allies) yesmelord: wood me
(18:10 / All) Wopsauce: TOWER RED U FUCKING NOOB
(18:17 / All) Wopsauce: Ffs
(19:59 / Allies) LostAgain: take potion
(21:06 / Allies) LostAgain: rebuild forces
(22:37 / Allies) yesmelord: will trade wood for gold
(24:04 / Allies) yesmelord: lvl 9 alc